 Dungeon Crawl Stone Soup version 0.19-a0-1225-gf887c1c (webtiles) character file.

178 Gruud the Digger (level 5, -4/35 HPs)
             Began as a Demonspawn Earth Elementalist on Aug 25, 2016.
             Killed by divine providence
             ... invoked by an orc priest
              (12 damage)
             ... on level 3 of the Dungeon.
             The game lasted 00:11:37 (2222 turns).

Gruud the Digger (Demonspawn Earth Elementalist)    Turns: 2222, Time: 00:11:37

Health: -4/35      AC:  5    Str:  9    XL:     5   Next: 32%
Magic:  3/8        EV: 12    Int: 16    God:
Gold:   158        SH:  2    Dex: 14    Spells: 3 memorised, 2 levels left

rFire  . . .     SeeInvis .     b - 25 stones
rCold  . . .     Gourm    .     c - +0 robe
rNeg   . . .     Faith    .     (no shield)
rPois  .         Spirit   .     f - +1 hat
rElec  .         Dismiss  .     (no cloak)
rCorr  .         Reflect  .     (no gloves)
MR     .....     Harm     +     (no boots)
Stlth  +++.......               n - amulet of harm
                                (no ring)
                                (no ring)

@: no status effects
A: large bone plates 1, nightstalker 1
a: no special abilities


You were on level 3 of the Dungeon.
You were not hungry.

You visited 1 branch of the dungeon, and saw 3 of its levels.

You collected 158 gold pieces.

Inventory:

Hand Weapons
 a - a +1 short sword of venom
Missiles
 b - 25 stones (in hand)
Armour
 c - a +0 robe (worn)
 f - a +1 hat (worn)
Jewellery
 n - an amulet of harm (around neck)
Wands
 q - a wand of confusion (40/48)
Scrolls
 h - a scroll of recharging
 j - 2 scrolls of blinking {unknown}
 k - 2 scrolls of fear {unknown}
 p - 2 scrolls of teleportation {unknown}
 r - 4 scrolls of identify
Potions
 i - a potion of brilliance
 m - 2 potions of heal wounds
Books
 e - a book of Geomancy

   Spells                             Type                      Level
   a - Sandblast                      Earth                        1
   b - Passwall                       Transmutation/Earth          2
   c - Stone Arrow                    Conjuration/Earth            3
   d - Petrify                        Transmutation/Earth          4
   e - Lee's Rapid Deconstruction     Earth                        5
Comestibles
 d - a bread ration
 g - 5 chunks of flesh
 l - a slice of pizza
 o - 7 fruits


   Skills:
 - Level 1.7 Dodging
 - Level 1.7 Stealth
 - Level 2.0 Spellcasting
 - Level 0.8 Transmutations
 * Level 5.5 Earth Magic


You had 2 spell levels left.
You knew the following spells:

 Your Spells              Type           Power        Failure   Level  Hunger
a - Sandblast             Erth           ###...       1%          1    #......
b - Passwall              Tmut/Erth      ##........   10%         2    ###....
c - Stone Arrow           Conj/Erth      ##....       21%         3    ###....


Dungeon Overview and Level Annotations

Branches:
Dungeon (3/15)

Altars:
Fedhas
Kikubaaqudgha


Innate Abilities, Weirdness & Mutations

You are partially covered in large bone plates. (AC +2, SH +2)
You are slightly more attuned to the shadows.


Message History

The orc shouts!
Casting: Sandblast
Confirm with . or Enter, or press ? or * to list all spells.
Aiming: Sandblast
Press: ? - help, Shift-Dir - straight line, f - orc
Aim: an orc, wielding a short sword and wearing a chain mail The rocky blast misses the orc.
Casting: Sandblast
Confirm with . or Enter, or press ? or * to list all spells.
Aiming: Sandblast
Press: ? - help, Shift-Dir - straight line, f/p - orc
Aim: an orc, wielding a short sword and wearing a chain mail The rocky blast hits the orc.
The orc priest invokes the aid of Beogh against you.
Beogh smites you!
Ouch! That really hurt!
* * * LOW HITPOINT WARNING * * *
The orc priest mumbles some strange prayers to Beogh against you.
Beogh smites you!
You die...

...............#
...............#
...............#
.............#.#
...........^.#.#
.............#.#
.............#.#
############.#.###########
######## #.#..@..o.o...#
........ .###.....###.#
........ # #.....# #.#
#.##### #.....# #.# ..†..#
#.....# #o# #.#......
#.....# #.### #.#......
#.....# #)#.# #.#......
#.....# #.).# #.#......
#.....# ###.#


You could see an orc priest and an orc.

Vanquished Creatures
  Natasha (thrice) (D:2)
  A gnoll (D:1)
  2 adders (D:2)
  2 worms
  2 dart slugs
  3 giant geckos
  An orc (D:3)
  7 bats
  2 giant cockroaches
  3 goblins
  9 hobgoblins
  9 jackals
  7 kobolds
  A ball python (D:2)
  4 giant newts
  4 rats
60 creatures vanquished.

Notes
Turn   | Place    | Note
-------+----------+-------------------------------------------
     0 | D:1      | Gruud the Demonspawn Earth Elementalist began the quest for the Orb.
     0 | D:1      | Reached XP level 1. HP: 13/13 MP: 3/3
    92 | D:1      | Reached skill level 3 in Earth Magic
   215 | D:1      | Gained mutation: You are partially covered in large bone plates. (AC +2, SH +2) [demonic ancestry]
   215 | D:1      | Reached XP level 2. HP: 12/19 MP: 1/5
   671 | D:1      | Reached XP level 3. HP: 24/24 MP: 0/6
   802 | D:1      | Reached skill level 4 in Earth Magic
  1126 | D:1      | Learned a level 2 spell: Passwall
  1130 | D:1      | Learned a level 3 spell: Stone Arrow
  1455 | D:2      | Reached XP level 4. HP: 30/30 MP: 3/7
  1625 | D:2      | Noticed Natasha
  1627 | D:2      | Killed Natasha
  1627 | D:2      | Reached skill level 5 in Earth Magic
  1802 | D:2      | Noticed Natasha
  1840 | D:2      | Killed Natasha
  1840 | D:2      | Gained mutation: You are slightly more attuned to the shadows. [demonic ancestry]
  1840 | D:2      | Reached XP level 5. HP: 20/35 MP: 4/8
  1981 | D:2      | Noticed Natasha
  2000 | D:2      | Killed Natasha
  2083 | D:3      | Found an ancient bone altar of Kikubaaqudgha.
  2110 | D:3      | Found a blossoming altar of Fedhas.
  2222 | D:3      | Killed from afar by an orc priest

Vault maps used:
D:1:      matt_arrival_grand_opening
D:2:      uniq_natasha
D:3:      yredelemnul_altar_generic, nicolae_overflow_crystal_walls,
          overflow_temple_1_default, uniq_iyjb

Skill      XL: |  1  2  3  4 |
---------------+-------------+-----
Earth Magic    | 3 4 5 |  5.5
Dodging        | |  1.7
Stealth        | |  1.7
Spellcasting   | |  2.0
Transmutations | |  0.8

Action                   |  1- 3 |  4- 6 || total
-------------------------+-------+-------++-------
Melee: Unarmed           |    40 |       ||    40
       Short sword       |       |     1 ||     1
 Cast: Sandblast         |    84 |    38 ||   122
  Use: Scroll            |     3 |     2 ||     5
  Eat: Chunk             |     3 |     3 ||     6
Armor: Robe              |    53 |     1 ||    54
Dodge: Dodged            |    86 |    14 ||   100
Block: Other             |    10 |     1 ||    11
